 Dungeon Crawl Stone Soup version 0.31-a0-986-g5e6e4ef867 (webtiles) character file.

Game seed: 11558760176122551341

40612 avis the Spry (level 13, -17/61 HPs)
             Began as a Felid Shapeshifter on Nov 2, 2023.
             Was an Initiate of Gozag.
             Demolished by a wolf spider (24 damage)
             ... led by a torpor snail
             ... on level 2 of the Lair of Beasts on Nov 3, 2023.
             The game lasted 02:26:09 (25421 turns).

avis the Spry (Felid Shapeshifter)                 Turns: 25421, Time: 02:26:10

Health: -17/61     AC:  3    Str: 16    XL:     13   Next: 75%
Magic:  20/20      EV: 32    Int: 11    God:    Gozag
Gold:   369        SH:  0    Dex: 23    Spells: 9/20 levels left
                                        Lives:  0   Deaths: 3

rFire   . .          .
                       - Unarmed
rCold   + . .        (shield unavailable)
rNeg    . . .        (body armour unavailable)
rPois   +            (helmet unavailable)
rElec   .            (cloak unavailable)
rCorr   .            (gloves unavailable)
SInv    +            (boots unavailable)
Will    ++...        p - amulet of magic regeneration
Stlth   +            h - +6 ring of strength
HPRegen 0.30/turn    t - ring "Taudoll" {rPois Will+ Dex+2 Slay+2}
MPRegen 0.57/turn

%: no passive effects
@: flux-form, hasted, glowing, very quick
A: glow, contaminating, very small, claws 1, fangs 3, see invisible, speed 1,
shaggy fur 3, stealthy paws, no weapons or thrown items, no armour, multi-lived
a: Begin Untransformation, Renounce Religion, Potion Petition, Call Merchant,
Bribe Branch


You were on level 2 of the Lair of Beasts.
You worshipped Gozag.
Gozag was aware of your devotion.
You were something dangerously unstable.
You visited 5 branches of the dungeon, and saw 18 of its levels.
You also visited: Ossuary and Gauntlet.

You collected 3994 gold pieces.
You spent 1893 gold pieces at shops.
You paid 1732 gold pieces to Gozag.

Inventory:

Jewellery
 h - a +6 ring of strength (left paw)
 p - an amulet of magic regeneration (around neck)
 s - a ring of ice
 t - the ring "Taudoll" (right paw) {rPois Will+ Dex+2 Slay+2}
   (You bought it in a shop on level 1 of the Lair of Beasts)

   [ring of poison resistance]

   Dex+2:     It affects your dexterity (+2).
   Slay+2:    It affects your accuracy & damage with ranged weapons and melee
   (+2).
   rPois:     It protects you from poison Will+: It increases your willpower.
Talismans
 f - a flux talisman (active)
 D - a dragon-blood talisman
Wands
 e - a wand of flame (65)
 w - a wand of iceblast (4)
Scrolls
 x - 2 scrolls of teleportation
 E - a scroll of butterflies
 G - 3 scrolls of silence
Potions
 c - a potion of berserk rage
 d - 4 potions of cancellation
 i - 3 potions of enlightenment
 j - 5 potions of curing
 l - a potion of resistance
 m - a potion of haste
 o - 7 potions of might
 r - 6 potions of magic
 v - a potion of invisibility
 z - a potion of brilliance
Miscellaneous
 a - a phantom mirror (inert)
 k - a phial of floods


   Skills:
 - Level 10.0 Fighting
 - Level 15.0 Dodging
 * Level 8.5 Unarmed Combat
 - Level 4.0 Spellcasting
 - Level 10.0 Necromancy
 - Level 14.0 Shapeshifting


You had 9 spell levels left.
You knew the following spells:

 Your Spells              Type           Power      Damage    Failure   Level
B - Borgnjor's Vile Clut  Necr/Erth      6%         N/A       63%         5
D - Death Channel         Necr           12%        N/A       52%         6

Your spell library contained the following spells:

 Spells                   Type           Power      Damage    Failure   Level
 Freeze                   Ice            8%         1d3       24%         1
 Frozen Ramparts          Ice            4%         1d1       56%         3
 Hailstorm                Conj/Ice       2%         3d3       56%         3
 Tukima's Dance           Hex            2%         N/A       56%         3
 Volatile Blastmotes      Fire/Tloc      4%         2d10      56%         3
 Fulminant Prism          Conj/Hex       1%         3d5       93%         4
 Iskenderun's Mystic Bla  Conj/Tloc      2%         2d3       93%         4
 Passage of Golubria      Tloc           2%         N/A       93%         4
 Summon Ice Beast         Ice/Summ       2%         N/A       93%         4
 Summon Lightning Spire   Summ/Air       2%         N/A       93%         4
 Lee's Rapid Deconstruct  Erth           1%         3d4*      100%        5
 Yara's Violent Unravell  Hex/Tmut       1%         3d3       100%        5
 Animate Dead             Necr           Unusable   N/A       N/A         4
 Animate Armour           Summ/Erth      Unusable   N/A       N/A         4
 Simulacrum               Ice/Necr       Unusable   N/A       N/A         6

Dungeon Overview and Level Annotations

Branches:
Dungeon (11/15)            Temple (1/1) D:5            Lair (3/5) D:9
 Shoals (0/4) Lair:2       Spider (1/4) Lair:2          Orc (2/2) D:11
    Elf (0/3) Orc:2       Ossuary (visited)         Gauntlet (visited)

Altars:
Ashenzari
Cheibriados
Dithmenos
Elyvilon
Fedhas
Gozag
Hepliaklqana
Kikubaaqudgha
Makhleb
Nemelex Xobeh
Okawaru
Qazlal
Ru
Sif Muna
Trog
Uskayaw
Vehumet
Wu Jian
Xom
Yredelemnul
Zin
The Shining One

Shops:
Orc:2 !:([(   Lair:1 =

Annotations:
D:6 Glass case
Lair:2 Can't reach some places.
Orc:2 Rupert


Innate Abilities, Weirdness & Mutations

You are something dangerously unstable.
You glow with magical radiation, making you easy to see and hit.
Foes you strike become dangerously contaminated with magical radiation.
You have sharp claws.
You have razor-sharp teeth.
You have supernaturally acute eyesight. (SInv)
You cover ground quickly. (Speed+)
Your thick and shaggy fur keeps you warm. (AC +3, rC+)
Your paws help you pounce on unaware monsters.
You are incapable of wielding weapons or throwing items.
You cannot wear armour.
You gain extra lives every three experience levels.


Message History

The tarantella is healed somewhat.
The tarantella completely misses you. The wolf spider barely misses you.
The wolf spider completely misses you.
You scratch the tarantella.
The tarantella begins to glow.
Your bite misses the tarantella.
The tarantella is heavily wounded.
The culicivora misses you. The tarantella closely misses you.
The wolf spider completely misses you. x2
You claw the tarantella!
The tarantella glows dangerously bright.
You bite the tarantella.
The tarantella is severely wounded.
The culicivora misses you. The tarantella touches you.
The wolf spider closely misses you. The wolf spider completely misses you.
The culicivora completely misses you. The tarantella completely misses you.
You scratch the tarantella.
The tarantella shudders as magic cascades through it!!!
You kill the tarantella!
The wolf spider misses you. The wolf spider bites you.
The culicivora bites you but does no damage.
The wolf spider is distracted by your dazzling golden aura.
You see here 7 gold pieces.
The culicivora completely misses you.
The wolf spider is no longer distracted by gold.
The culicivora completely misses you.
The culicivora is distracted by your dazzling golden aura.
You closely miss the wolf spider. The wolf spider barely misses you.
The wolf spider bites you. The wolf spider misses you. x2
You scratch the wolf spider.
The wolf spider begins to glow.
The wolf spider is lightly wounded.
The wolf spider hits you!
* * * LOW HITPOINT WARNING * * *
The wolf spider completely misses you.
You feel yourself speed up. The wolf spider closely misses you.
The wolf spider completely misses you.
You scratch the wolf spider.
The wolf spider glows dangerously bright.
The wolf spider is lightly wounded.
The wolf spider hits you!!
You die...
Your body crumbles into a pile of gold.

#~~## ##.^...^^..^^##
###..# ##.##
#.^^^^^>..^.^.# ####
#P.P####..^^^$^^^..^##
###.♣
...###.....^^^.s.^..##
##.... ..##
###..^..^..^^^..#
#..♣.< .##
#...^.^...^..## ###...
.# ##........^...##
#... .#
#..P...####sP#.# #.#'
.### #..#....##p#####
#######... .#.#
#..######### #.##......
..#####..## ##.......#
.##.......# ##..#.....
.##....#..######
####..##.....
..>.#####...##.#
##.##..#...♣.. .###.#
##..#..# #P..+........>
## ### ##...##
#......#...♣.. #
##..#######.##..##.....


You could see a wolf spider (heavy contam).

Vanquished Creatures
  An emperor scorpion (Lair:2)
  Fannar (Lair:3)
  Erolcha (D:9)
  A boulder beetle (Lair:1)
  A two-headed ogre (D:6)
  12 death yaks
  Nergalle (D:10)
  Amaemon (Lair:3)
  A pharaoh ant (Lair:2)
  2 orc knights (D:11)
  A harpy (D:8)
  A wolf spider (Lair:3)
  A manticore (D:6)
  A cyclops (D:11)
  A water nymph (Lair:2)
  2 black mambas
  6 elephants
  An orange demon (Lair:3)
  A gargoyle (Gauntlet)
  2 torpor snails (Lair:1)
  2 cane toads (Lair:1)
  2 rime drakes
  4 komodo dragons
  A troll (D:11)
  A tarantella (Lair:2)
  A polar bear (Lair:2)
  Prince Ribbit (Lair:3)
  A hornet (Lair:1)
  The ghost of IdlyInterested the Cutter, an amateur DsGl (D:4)
  The ghost of Fractals the Sneak, an amateur OpBr (D:4)
  11 blink frogs
  The ghost of FakeRyeBread the Trooper, an amateur GrFi (D:4)
  3 shadows
  A culicivora (Lair:2)
  A slime creature (Gauntlet)
  6 wyverns
  2 humans (D:7)
  3 wraiths (D:11)
  A fire bat (D:11)
  A ynoxinul (Gauntlet)
  2 steam dragons
  29 yaks
  A basilisk (D:9)
  4 vampire mosquitoes (D:11)
  A redback (Lair:2)
  3 wargs
  Menkaure (D:5)
  An acid dragon (D:8)
  4 water moccasins
  6 orc warriors
  3 sky beasts
  2 ice beasts (D:6)
  22 wolves
  7 ogres
  4 centaurs
  A phantom (D:4)
  2 kobold brigands
  10 bullfrogs
  An elf zombie (Ossuary)
  2 gnoll sergeants
  4 scorpions
  3 wights (D:8)
  12 killer bees
  9 howler monkeys
  A centaur zombie (Ossuary)
  A hound (D:5)
  2 human zombies (Ossuary)
  3 jellies
  7 orc priests
  2 gnoll boudas
  6 iguanas
  Ijyb (D:3)
  2 sleepcaps (D:6)
  8 orc wizards
  A statue (D:5)
  2 mummies (Ossuary)
  8 adders
  24 gnolls
  2 shadow imps
  A white imp (D:8)
  2 ufetubi (D:5)
  A worm (D:5)
  3 dart slugs
  37 orcs
  5 bats
  4 endoplasms
  6 giant cockroaches
  7 goblins
  7 hobgoblins
  14 jackals
  4 quokkas
  9 ball pythons
  2 frilled lizards
  A goblin zombie (Ossuary)
  12 hobgoblin zombies (Ossuary)
  3 jackal zombies (Ossuary)
  13 kobolds
  8 kobold zombies (Ossuary)
  8 orc zombies (Ossuary)
  3 rats
  A rat zombie (Ossuary)
439 creatures vanquished.

Vanquished Creatures (collateral kills)
  A rime drake (Lair:1)
  A wyvern (D:9)
  A wolf (Lair:1)
  2 killer bees (D:9)
5 creatures vanquished.

Vanquished Creatures (others)
  A blink frog (Lair:1)
  4 wolves (Lair:1)
5 creatures vanquished.

Grand Total: 449 creatures vanquished

Notes
Turn   | Place    | Note
-------+----------+-------------------------------------------
     0 | D:1      | avis the Felid Shapeshifter began the quest for the Orb.
     0 | D:1      | Reached XP level 1. HP: 9/9 MP: 2/2
   381 | D:1      | Reached XP level 2. HP: 13/13 MP: 3/3
   430 | D:1      | Reached skill level 3 in Dodging
   989 | D:2      | Found a faded altar of an unknown god.
  1109 | D:2      | Reached XP level 3. HP: 16/16 MP: 4/4
  1402 | D:2      | Reached skill level 4 in Dodging
  1402 | D:2      | Reached XP level 4. HP: 11/21 MP: 5/5
  1870 | D:2      | Found an ancient bone altar of Kikubaaqudgha.
  1882 | D:2      | Reached skill level 5 in Dodging
  2351 | D:3      | Noticed Ijyb
  2362 | D:3      | Killed Ijyb
  2363 | D:3      | Reached XP level 5. HP: 14/24 MP: 6/6
  2571 | D:3      | Reached skill level 5 in Shapeshifting
  2824 | D:3      | Gained mutation: You are covered in thick fur. (AC +2)
                  | [Felid growth]
  2824 | D:3      | Reached XP level 6. HP: 28/28 MP: 7/7
  3271 | D:3      | Reached skill level 6 in Dodging
  3562 | D:4      | Found a sand-covered staircase.
  3568 | Ossuary  | Entered an ossuary
  3927 | Ossuary  | Reached XP level 7. HP: 15/32 MP: 8/8
  4050 | Ossuary  | Reached skill level 7 in Dodging
  4443 | D:4      | Found a runed translucent gate.
  4443 | D:4      | Found a runed translucent gate.
  4443 | D:4      | Found a runed translucent gate.
  4443 | D:4      | Noticed Fractals's ghost (amateur OpBr)
  4444 | D:4      | Noticed IdlyInterested's ghost (amateur DsGl)
  4444 | D:4      | Noticed FakeRyeBread's ghost (amateur GrFi)
  4733 | D:4      | Found a hide-covered altar of Uskayaw.
  4809 | D:4      | Found a hazy altar of Hepliaklqana.
  4967 | D:4      | Found a faded altar of an unknown god.
  5064 | D:4      | Reached XP level 8. HP: 34/34 MP: 9/9
  5069 | D:4      | Learned a level 4 spell: Animate Dead
  5150 | D:4      | Reached skill level 5 in Fighting
  5350 | D:5      | Entered Level 5 of the Dungeon
  5385 | D:5      | Reached skill level 1 in Spellcasting
  5385 | D:5      | Reached skill level 1 in Necromancy
  5767 | D:5      | Found a radiant altar of Vehumet.
  5794 | D:5      | Found a staircase to the Ecumenical Temple.
  5818 | Temple   | Entered the Ecumenical Temple
  5831 | Temple   | Became a worshipper of Gozag Ym Sagoz the Greedy
  5891 | D:5      | Reached skill level 8 in Dodging
  6000 | D:5      | Noticed Menkaure
  6007 | D:5      | Killed Menkaure
  6242 | D:6      | Found a basalt altar of Yredelemnul.
  6819 | D:6      | Found a shimmering altar of Xom.
  7028 | D:6      | Reached XP level 9. HP: 40/40 MP: 13/13
  7408 | D:6      | Reached skill level 9 in Dodging
  7505 | D:6      | Noticed a two-headed ogre
  7510 | D:6      | Killed a two-headed ogre
  7692 | D:6      | Noticed a manticore
  7703 | D:6      | Killed a manticore
  7704 | D:6      | Reached skill level 5 in Necromancy
  8451 | D:7      | Reached skill level 10 in Dodging
  8547 | D:7      | You fall into a shaft and drop 2 floors!
  8571 | D:8      | Noticed Maggie
  9103 | D:7      | Reached XP level 10. HP: 34/44 MP: 12/15
  9215 | D:7      | Found an iron altar of Okawaru.
  9238 | D:7      | Reached skill level 10 in Shapeshifting
  9609 | D:8      | Maggie changed into Maggie the ogre
  9609 | D:8      | Noticed Maggie
  9626 | D:8      | Killed Maggie the ogre
 10040 | D:8      | a steam dragon changed into a harpy
 10040 | D:8      | Noticed a harpy
 10043 | D:8      | Killed a harpy
 10124 | D:8      | Learned a level 5 spell: Borgnjor's Vile Clutch
 11896 | D:9      | Reached skill level 10 in Necromancy
 12188 | D:9      | Found a staircase to the Lair.
 12283 | D:9      | Found a bloodstained altar of Trog.
 12328 | Lair:1   | Entered Level 1 of the Lair of Beasts
 12351 | Lair:1   | Noticed a black mamba
 12367 | Lair:1   | Killed a black mamba
 12368 | Lair:1   | Reached XP level 11. HP: 32/48 MP: 12/18
 12473 | Lair:1   | Noticed a boulder beetle
 12559 | Lair:1   | HP: 1/48 [wolf (7)]
 12597 | Lair:1   | HP: 2/48 [rime drake/icy flash freeze (5)]
 12664 | Lair:1   | Reached skill level 11 in Dodging
 13221 | Lair:1   | Killed a boulder beetle
 14047 | D:4      | Killed IdlyInterested's ghost
 14056 | D:4      | Killed Fractals's ghost
 14063 | D:4      | Killed FakeRyeBread's ghost
 14510 | Lair:1   | Reached skill level 12 in Dodging
 14571 | Lair:1   | Mangled by a cane toad
 15714 | Lair:2   | Found a staircase to the Shoals.
 15851 | Lair:2   | Found a hole to the Spider Nest.
 15887 | Lair:2   | Gained mutation: Your thick and shaggy fur keeps you warm.
                  | (AC +3, rC+) [Felid growth]
 15887 | Lair:2   | Reached XP level 12. HP: 52/54 MP: 17/19
 16025 | Lair:2   | Reached skill level 5 in Unarmed Combat
 17272 | Lair:2   | Reached skill level 13 in Dodging
 17317 | Lair:3   | Noticed a death yak
 17317 | Lair:3   | Noticed a death yak
 17317 | Lair:3   | Noticed a death yak
 17317 | Lair:3   | Noticed a death yak
 17321 | Lair:3   | Noticed a death yak
 17321 | Lair:3   | Noticed a death yak
 17321 | Lair:3   | Noticed a death yak
 17321 | Lair:3   | Noticed a death yak
 17321 | Lair:3   | Noticed a death yak
 17321 | Lair:3   | Noticed a death yak
 17456 | Lair:3   | Noticed Amaemon
 17599 | Lair:3   | Noticed a death yak
 17602 | Lair:3   | Noticed a death yak
 17823 | Lair:2   | Killed a death yak
 17990 | Lair:2   | Killed a death yak
 18091 | Lair:2   | Killed a death yak
 18097 | Lair:2   | Reached skill level 14 in Dodging
 18228 | Lair:2   | Killed a death yak
 18353 | Lair:3   | Killed a death yak
 18362 | Lair:3   | Killed a death yak
 18548 | Lair:3   | Killed Amaemon
 18651 | Lair:3   | Reached XP level 13. HP: 52/57 MP: 18/20
 19059 | Lair:3   | Noticed Fannar
 19084 | Lair:3   | Killed Fannar
 19085 | Lair:3   | Reached skill level 15 in Dodging
 19811 | Lair:3   | Noticed Prince Ribbit
 19835 | Lair:3   | Killed Prince Ribbit
 20056 | Lair:1   | Bought the ring "Taudoll" {rPois Will+ Dex+2 Slay+2} for
                  | 813 gold pieces
 20082 | Lair:1   | Learned a level 6 spell: Death Channel
 20139 | D:10     | Entered Level 10 of the Dungeon
 20178 | D:10     | Noticed Erolcha
 20547 | D:9      | Killed Erolcha
 21334 | D:10     | Noticed Nergalle
 21343 | D:10     | Killed Nergalle
 21716 | D:11     | Identified the +7 shortbow "Giobid" {speed, rPois rC- Str+3
                  | Stlth+}
 21915 | D:11     | Noticed Psyche
 21917 | D:11     | Psyche changed into Psyche the fire bat
 21917 | D:11     | Noticed Psyche
 21925 | D:11     | Killed Psyche the fire bat
 21932 | D:11     | Found a staircase to the Orcish Mines.
 22102 | D:11     | Reached skill level 10 in Fighting
 22822 | Lair:1   | Bought a dragon-blood talisman for 1080 gold pieces
 23025 | Orc:1    | Entered Level 1 of the Orcish Mines
 23468 | Orc:1    | You fall into a shaft and drop 1 floor!
 23468 | Orc:2    | Entered Level 2 of the Orcish Mines
 23468 | Orc:2    | Found Ququp's Distillery.
 23528 | Orc:2    | Found Ceopaxes's Antique Weapon Boutique.
 23529 | Orc:2    | Found Aneekh's Antique Armour Emporium.
 23529 | Orc:2    | Noticed Rupert
 23533 | Orc:2    | Slain by a warg
 23544 | Orc:2    | Found Icloaruz's Book Emporium.
 23587 | Orc:2    | Found Caduam's Antique Weapon Emporium.
 23592 | Orc:2    | Found a gate leading to a gauntlet.
 23601 | Gauntlet | Entered a Gauntlet
 23601 | Gauntlet | Found a transporter.
 23601 | Gauntlet | Found a transporter.
 23796 | Gauntlet | Found a transporter.
 23800 | Gauntlet | Found a transporter.
 23813 | Gauntlet | Found a transporter.
 23816 | Gauntlet | Found a transporter.
 23820 | Gauntlet | Found a runed translucent door.
 23822 | Gauntlet | Noticed a blizzard demon
 23824 | Gauntlet | Found a runed translucent door.
 23828 | Gauntlet | Found a transporter.
 23842 | Gauntlet | Found the +2 pair of slick slippers {slick, slippery, EV+4}
 23844 | Gauntlet | Found a transporter.
 23868 | Gauntlet | Found a transporter.
 23869 | Gauntlet | Found a transporter.
 23885 | Gauntlet | Found a transporter.
 23886 | Gauntlet | Found a transporter.
 24081 | Gauntlet | Noticed a minotaur
 24093 | Gauntlet | Slain by a minotaur
 24288 | Gauntlet | Upgraded the game from 0.31-a0-983-g7b6862f502 to
                  | 0.31-a0-986-g5e6e4ef867
 25086 | Spider:1 | Entered Level 1 of the Spider Nest
 25086 | Spider:1 | Noticed an emperor scorpion
 25245 | Lair:2   | Killed an emperor scorpion
 25421 | Lair:2   | Demolished by a wolf spider

Illustrated notes

Levels and vault maps discovered:
D:1:      tarquinn_simple_flora_water_d, layout_basic
D:2:      layout_loops_corners, nicolae_ecumenical_oubliette, basic_altar,
          minmay_tripent
D:3:      layout_loops_cross, uniq_ijyb
D:4:      minmay_evil_eye, layout_loops_ring, kennysheep_mini_moat,
          beargit_hepliaklqana_dungeon_heroes, gammafunk_ghost_cemetery,
          nicolae_ossuary_entry_plus, serial_park_tiny_2
D:5:      layout_loops_ring, vehumet_statue, minmay_temple_entry_waves,
          uniq_menkaure
D:6:      kennysheep_spiral_hall, layout_basic,
          mainiacjoe_overflow_tiny_flanked, overflow_temple_1_default,
          serial_glass, glass_columns_a, glass_columns_a, due_unseen_surprise,
          feat_on_display, feat_on_display, item_on_display_b, minmay_hedge_maze
D:7:      layout_gridville, okawaru_humans, minivault_5,
          kennysheep_decorative_pillar, st_stairs_5
D:8:      layout_basic, uniq_maggie
D:9:      layout_cave_pools, lightli_temple_of_fire, minmay_lair_entry_grove
D:10:     layout_loops_ring, uniq_erolcha, uniq_nergalle
D:11:     layout_basic, orc_0_dummy, uniq_psyche
Temple:   nicolae_temple_superstar
Lair:1:   layout_concentric_octagons, serial_bayou_lagoon_b
Lair:2:   layout_cave_pods, nicolae_shoals_entry_flooding,
          spider_nest_entry_web_field, chequers_serial_rivers_small_b,
          grunt_megastairs_2
Lair:3:   layout_cave_pods, nicolae_lair_run_with_the_wolves, uniq_fannar,
          uniq_amaemon, uniq_prince_ribbit2
Spider:1: layout_spider_delve, hive_lemuel
Orc:1:    layout_caves, sword_in_stone
Orc:2:    st_orc_town, layout_diamond_mine, serial_shops, shop,
          gauntlet_entry_generic, uniq_rupert

Skill      XL: |  1  2  3  4  5  6  7  8  9 10 11 12 13 |
---------------+----------------------------------------+-----
Fighting       | 2 3 4 5 7 10 | 10.0
Dodging        | 3 4 5 6 7 8 10 12 14 15 | 15.0
Shapeshifting  | 4 5 7 8 9 10 12 14 | 14.0
Spellcasting   | 2 3 4 |  4.0
Necromancy     | 4 6 10 | 10.0
Unarmed Combat | 4 6 8 |  8.5

Action                     |  1- 3 |  4- 6 |  7- 9 | 10-12 | 13-15 || total
---------------------------+-------+-------+-------+-------+-------++-------
  Melee: Unarmed           |    70 |   217 |   396 |   866 |   411 ||  1960
         Bite              |     9 |    27 |    52 |   166 |    77 ||   331
         Punch             |     1 |     9 |     3 |       |       ||    13
   Cast: Borgnjor's Vile C |       |       |       |       |     1 ||     1
 Invoke: Potion Petition   |       |       |       |     1 |     1 ||     2
         Call Merchant     |       |       |       |     1 |       ||     1
  Evoke: Wand              |       |     1 |    13 |    40 |    10 ||    64
         Phantom mirror    |       |       |       |       |     1 ||     1
    Use: Scroll            |     5 |     2 |     5 |     9 |    10 ||    31
         Potion            |       |       |     5 |     7 |     5 ||    17
   Stab: Sleeping          |     2 |     3 |       |       |       ||     5
         Distracted        |       |       |     2 |     4 |     2 ||     8
 Armour: Skin              |    13 |    48 |    96 |   257 |   124 ||   538
  Dodge: Dodged            |    51 |   139 |   333 |  1191 |   601 ||  2315
   Form: Flux              |       |       |     2 |       |     2 ||     4
         Beast             |       |       |     1 |       |       ||     1
         Dragon            |       |       |       |       |     2 ||     2

Table legend: (Time is in decaauts)
 A = Elapsed time spent in this place.
 B = Non-inter-level travel time spent in this place.
 C = Inter-level travel time spent in this place.
 D = Time resting spent in this place.
 E = Time spent auto-exploring this place.
 F = Levels seen in this place.
 G = Mean time per level.
                   A        B        C        D        E       F      G
               +--------+--------+--------+--------+--------+-----+--------+
         Total |  22508 |  20805 |   1703 |   7618 |   6989 |  20 | 1125.4 |
       Dungeon |  13661 |  12454 |   1207 |   4286 |   5137 |  11 | 1241.9 |
        Temple |     26 |      5 |     21 |      0 |      0 |   1 |   26.0 |
          Lair |   6952 |   6505 |    447 |   2794 |   1592 |   3 | 2317.3 |
   Spider Nest |     31 |     31 |      0 |      0 |      0 |   1 |   31.0 |
  Orcish Mines |    713 |    687 |     26 |    130 |    259 |   2 |  356.5 |
       Ossuary |    455 |    455 |      0 |     72 |      0 |   1 |  455.0 |
      Gauntlet |    668 |    668 |      0 |    335 |      0 |   1 |  668.0 |
               +--------+--------+--------+--------+--------+-----+--------+

Top non-repeatable levels by time:
  Lair:1: 2701 daAuts
  Lair:2: 2385 daAuts
  Lair:3: 1865 daAuts
     D:8: 1833 daAuts
     D:6: 1611 daAuts
     D:9: 1490 daAuts
     D:4: 1380 daAuts
     D:7: 1218 daAuts
    D:11: 1199 daAuts
     D:2: 1143 daAuts
     D:5: 1001 daAuts
     D:1: 956 daAuts
     D:3: 953 daAuts
    D:10: 874 daAuts
Gauntlet: 668 daAuts
